 Dungeon Crawl Stone Soup version 0.29.0-11-gd7f09526c8 (webtiles) character file.

Game seed: 14738120930410197291

154 leavemydog the Conjurer (level 5, 0/28 HPs)
             Began as a Deep Elf Conjurer on Sept 6, 2022.
             Killed from afar by an orc wizard (10 damage)
             ... with a magic dart
             ... on level 3 of the Dungeon.
             The game lasted 00:03:25 (2113 turns).

leavemydog the Conjurer (Deep Elf Conjurer)         Turns: 2113, Time: 00:03:25

Health: 0/28       AC:  4    Str:  4    XL:     5   Next: 13%
Magic:  3/13       EV: 12    Int: 25    God:
Gold:   125        SH:  0    Dex: 13    Spells: 5/12 levels left

rFire   . . .      SeeInvis .   r - +0 short sword
rCold   . . .      Faith    .   (no shield)
rNeg    . . .      Spirit   .   a - +0 robe
rPois   .          Reflect  .   (no helmet)
rElec   .          Harm     .   m - +0 cloak
rCorr   .          Rampage  .   h - +0 pair of gloves
Will    .....                   (no boots)
Stlth   +.........              (no amulet)
HPRegen 0.09/turn               (no ring)
MPRegen 0.13/turn               (no ring)

@: confused
A: no striking features
a: no special abilities


You were on level 3 of the Dungeon.
You visited 1 branch of the dungeon, and saw 3 of its levels.

You collected 125 gold pieces.

Inventory:

Hand Weapons
 r - a +0 short sword (weapon)
Armour
 a - a +0 robe (worn)
 h - a +0 pair of gloves (worn)
 m - a +0 cloak (worn)
Scrolls
 e - a scroll of immolation {unknown}
 f - a scroll of butterflies {unknown}
 g - a scroll of identify {unknown}
 i - 2 scrolls of enchant weapon {unknown}
 j - a scroll of amnesia {unknown}
 k - a scroll of noise {unknown}
 l - a scroll of magic mapping {unknown}
 p - a scroll of teleportation {unknown}
 q - a scroll of poison {unknown}
Potions
 b - a potion of magic
 c - a potion of ambrosia {unknown}
 d - a potion of haste {unknown}
 n - a potion of attraction {unknown}
 o - a potion of brilliance {unknown}


   Skills:
 - Level 2.4 Dodging
 - Level 2.4 Stealth
 + Level 4.3 Spellcasting
 + Level 6.4 Conjurations
 * Level 1.2 Translocations


You had 5 spell levels left.
You knew the following spells:

 Your Spells              Type           Power      Damage    Failure   Level
a - Magic Dart            Conj           100%       1d8       1%          1
b - Searing Ray           Conj           74%        2d7       1%          2
c - Iskenderun's Mystic   Conj/Tloc      24%        2d7       19%         4

Your spell library contained the following spells:

 Spells                   Type           Power      Damage    Failure   Level
 Dazzling Flash           Conj/Hex       42%        N/A       7%          3
 Blink                    Tloc           22%        N/A       8%          2
 Scorch                   Fire           10%        2d5       14%         2
 Lesser Beckoning         Tloc           11%        N/A       16%         3
 Flame Wave               Conj/Fire      21%        2d8       24%         4
 Fulminant Prism          Conj/Hex       10%        3d9       24%         4
 Manifold Assault         Tloc           11%        N/A       82%         5
 Summon Cactus Giant      Summ           2%         N/A       100%        6


Dungeon Overview and Level Annotations

Branches:
Dungeon (3/15)

Altars:
Ru


Message History

The orc priest is moderately wounded. (Press . to maintain the ray.)
The searing ray hits the orc priest!
The orc priest is almost dead.
A kobold comes into view. It is wielding a +1 dagger of speed.
The orc priest mumbles some strange prayers to Beogh against you.
Pain shoots through your body!
The searing ray hits the orc priest!
You kill the orc priest!
You have reached level 5!
You finish channelling your searing ray.
Casting: Searing Ray (safe; 1% risk of failure)
Confirm with . or Enter, or press ? or * to list all spells.
Aiming: Searing Ray (safe; 1% risk of failure)
Press: ? - help, Shift-Dir - straight line The searing ray hits the orc.
The orc is almost dead. (Press . to maintain the ray.)
The searing ray hits the orc.
You kill the orc!
The searing ray misses the orc wizard.
The searing ray hits the orc wizard!
The orc wizard is severely wounded.
The orc wizard points at you and mumbles some strange words.
The magic dart hits you.
The searing ray misses the orc wizard.
The searing ray hits the orc!
You kill the orc!
You finish channelling your searing ray.
The rat twitches its whiskers.
The orc wizard gestures at you while chanting.
The magic dart hits you!
A giant cockroach comes into view.
An orc comes into view. It is wielding a +0 flail.
The orc shouts!
The orc wizard gestures at you while chanting.
You are confused.
You bump into the tree.
The orc wizard casts a spell at you. The magic dart hits you!
You die...

### #.. #.# #.#
##.################.#
.......ro..o......#.#
###.##.#####.♣#♣.♣.♣#♣
#.##.#####..@......#
#..........♣.......♣
####.####.##.......#
#r# #..♣.......♣######
########.#
##.B..............
.......o.#
##♣.......♣#######
.....o####
#........<.....#
......#
♣#♣#♣#♣.♣.####.#
......# #######.####.#


You could see an orc wizard and a giant cockroach (wandering).

Vanquished Creatures
  An orc priest (D:3)
  5 adders
  4 gnolls
  2 dart slugs
  3 orcs (D:3)
  A ball python (D:1)
  3 endoplasms (D:2)
  2 giant cockroaches
  2 hobgoblins (D:2)
  3 jackals (D:1)
  3 kobolds
  2 quokkas
  A bat (D:3)
  A frilled lizard (D:1)
  3 goblins
  3 rats
39 creatures vanquished.

Vanquished Creatures (others)
  13 plants
13 creatures vanquished.

Grand Total: 52 creatures vanquished

Notes
Turn   | Place    | Note
-------+----------+-------------------------------------------
     0 | D:1      | leavemydog the Deep Elf Conjurer began the quest for the
                  | Orb.
     0 | D:1      | Reached XP level 1. HP: 10/10 MP: 6/6
   297 | D:1      | Reached XP level 2. HP: 15/15 MP: 0/8
   367 | D:1      | Learned a level 2 spell: Searing Ray
   526 | D:1      | Reached skill level 5 in Conjurations
   673 | D:1      | Found a faded altar of an unknown god.
   746 | D:2      | Reached XP level 3. HP: 14/19 MP: 0/9
  1165 | D:2      | Found a sacrificial altar of Ru.
  1604 | D:2      | Reached XP level 4. HP: 21/24 MP: 8/11
  1766 | D:2      | Learned a level 4 spell: Iskenderun's Mystic Blast
  1786 | D:3      | Reached skill level 6 in Conjurations
  2041 | D:3      | Reached skill level 1 in Translocations
  2089 | D:3      | Reached XP level 5. HP: 20/28 MP: 5/13
  2113 | D:3      | Killed from afar by an orc wizard

Illustrated notes

Levels and vault maps discovered:
D:1:      dpeg_arrival_tiny_a, layout_rooms,
          hellmonk_ecumenical_altar_prayer_group
D:2:      layout_basic, basic_altar, serial_bayou_lagoon_b
D:3:      layout_basic, nicolae_overflow_hidden_temple, serial_forest,
          infiniplex_forest_straight_4, infiniplex_forest_clump_double,
          infiniplex_forest_lined_1, infiniplex_forest_lined_room_3,
          infiniplex_forest_lined_corner, infiniplex_forest_lined_4_way,
          infiniplex_forest_fountain, infiniplex_forest_straight_2,
          infiniplex_forest_clump_diagonal, roderic_serpentine_path

Skill      XL: |  1  2  3  4 |
---------------+-------------+-----
Conjurations   | 5 6 |  6.4
Spellcasting   | 4 |  4.3
Translocations | 1 |  1.2
Dodging        | |  2.4
Stealth        | |  2.4

Action                   |  1- 3 |  4- 6 || total
-------------------------+-------+-------++-------
Melee: Unarmed           |     1 |       ||     1
 Cast: Magic Dart        |    56 |    21 ||    77
       Searing Ray       |       |     5 ||     5
Armor: Robe              |     2 |     3 ||     5
Dodge: Dodged            |     6 |    14 ||    20
